AoeStats
← Imperador Snow

Arabia

510008827Analyzed
1v1 RM · 3d ago on Sep 29, 2026· 22m 18s· 2 players
Game mode
Random Map
Map size
Tiny (2 player)
Population
200
Speed
Normal
Resources
Standard
Victory
Conquest
Starting age
Dark Age
Ending age
Imperial Age
RankedLock teamsTeams togetherTeam positionsShared explorationLock speedFull tech treeHidden civsTurbo modeCheats
Victory
Defeat
🇦🇷 Britons · Argentina
1081
+17
🇧🇷 Varangians · Brazil
1107
-17
PoquiTotoya
6:27 Loom
9:02 Feudal Age
10:01 Double-Bit Axe
16:39 Fletching
19:28 Castle Age
19:16 Padded Archer Armor
20:20 Bow Saw
20:15 Bodkin Arrow
20:05 Crossbowman
21:08 Pikeman
Imperador Snow
7:05 Loom
9:48 Feudal Age
13:18 Double-Bit Axe
19:12 Scale Barding Armor
19:18 Forging
24:09 Castle Age
22:52 Bloodlines
Connection lost

Rejoining the realm…

Still unreachable

The connection could not be restored.

Session expired

The server has moved on; the page needs a fresh start.